 Dungeon Sprint DCSS version 0.14-a0-340-g4dbb6ee (console) character file.

179 Dalvant the Arsonist (level 4, -5/24 HPs)
             Began as a Deep Elf Fire Elementalist on Oct 23, 2013.
             Slain by a deep elf priest
             ... wielding a +2,+2 elven long sword of holy wrath
              (12 damage)
             ... in the Dungeon (Sprint III: "The Ten Rune Challenge").
             The game lasted 00:02:45 (425 turns).

Dalvant the Arsonist (Deep Elf Fire Elementalist)    Turns: 425, Time: 00:02:45

HP  -5/24        AC  2     Str  5      XL: 4   Next: 93%
MP  10/14        EV 14     Int 21      God:
Gold 46          SH  0     Dex 21      Spells:  2 memorised,  6 levels left

Res.Fire  : . . .   See Invis. : .   (no weapon)
Res.Cold  : . . .   Warding    : .   a - +0 elf robe
Life Prot.: . . .   Conserve   : .   (no shield)
Res.Poison: .       Res.Corr.  : .   (helmet restricted)
Res.Elec. : .       Clarity    : .   (no cloak)
Sust.Abil.: . .     Spirit.Shd : .   (no gloves)
Res.Mut.  : .       Prev.Telep.: +   (no boots)
Res.Rott. : .       Flight     : .   (no amulet)
Saprovore : . . .                    (no ring)
                                     j - +6 ring of dexterity

@: very slightly contaminated, slightly resistant to hostile enchantments, quite
stealthy
A: horns 1, talons 1, deterioration 1
a: no special abilities


You were in the Dungeon.
You were not hungry.

You visited 1 branch You collected 26 gold pieces.

Inventory:

Armour
 a - a +0 elven robe (worn)
Magical devices
 h - a wand of confusion (15)
Comestibles
 c - 2 bread rations
 k - a chunk of human flesh
 u - a honeycomb
Scrolls
 i - a scroll of blinking
 m - a scroll of torment {unknown}
 n - 2 scrolls of random uselessness {unknown}
 r - a scroll of holy word {unknown}
 s - a scroll of fear {unknown}
 t - a scroll of remove curse {unknown}
Jewellery
 j - a +6 ring of dexterity (left hand)
Potions
 d - a potion of curing
 e - a potion of heal wounds
 f - a potion of speed
 g - 2 potions of magic
 p - 4 potions of flight
Books
 b - a book of Flames

   Spells                             Type                      Level
   *Flame Tongue                      Conjuration/Fire             1
   Throw Flame                        Conjuration/Fire             2
   Conjure Flame                      Conjuration/Fire             3
   Inner Flame                        Hexes/Fire                   3
   *Sticky Flame                      Conjuration/Fire             4
   Fireball                           Conjuration/Fire             5


   Skills:
 * Level 3.1 Fighting
 - Level 3.2 Dodging
 + Level 3.8 Stealth
 + Level 4.0 Spellcasting
 * Level 4.4 Conjurations
 + Level 8.0 Fire Magic


You had 6 spell levels left.
You knew the following spells:

 Your Spells              Type           Power        Failure   Level  Hunger
a - Flame Tongue          Conj/Fire      ####.        1%          1    None
c - Sticky Flame          Conj/Fire      ####....     12%         4    ####...


Dungeon Overview and Level Annotations

Branches:
Dungeon (1/1)

Altars:
Elyvilon
Zin
the Shining One


Innate Abilities, Weirdness & Mutations

You have a pair of small horns on your head.
You have sharp toenails.
Your body is slowly deteriorating.


Message History

A deep elf priest comes into view.
It is wielding a glowing elven long sword.
Found a metallic red potion.
Found a white marble altar of Elyvilon and a glowing golden altar of the Shining One.
There is an open door here.
The deep elf priest shouts!
The deep elf priest utters a dark prayer and points at you.
Your life force is offered up.
Ouch! That really hurt!
* * * LOW HITPOINT WARNING * * *
Casting: Flame Tongue
Confirm with . or Enter, or press ? or * to list all spells.
Aiming: Sticky Flame
Press: ? - help, Shift-Dir - straight line, f - deep elf priest
Aim: a deep elf priest, wielding a glowing elven long sword You miscast Sticky Flame.
You are very lightly contaminated with residual magic.
Nothing appears to happen.
The deep elf priest hits you with a glowing elven long sword!
Ouch! That really hurt!
You die...

###################
#<.#..'...♣.♣♣♣♣♣.#####
#<%#..#....♣.♣♣♣♣.#___#
##'####.....♣♣♣♣..#e@.#
#.....#....≈♣♣♣♣..###'#+###+#
#.....#...≈≈♣.♣.♣.#..........#
#.....#..≈≈≈≈..♣..'.⌠........
#####%#..≈≈≈≈≈≈.♣.#...######+
#.....#.≈≈≈≈≈≈....#.⌠.#
#.....#.≈≈≈≈≈.....#...#
#.....#.≈≈≈.......#+###
#'#####...........#
#.................#
###################


You could see a deep elf priest.

Vanquished Creatures
  A water elemental (D)
  A scorpion (D)
  A human (D)
  Jessica (D)
  A giant mite (D)
  A grey rat (D)
  An ooze (D)
7 creatures vanquished.

Notes
Turn   | Place    | Note
--------------------------------------------------------------
     0 | D        | Dalvant, the Deep Elf Fire Elementalist, began the quest for the Orb.
     0 | D        | Reached XP level 1. HP: 10/10 MP: 4/4
     4 | D        | Reached skill level 4 in Fire Magic
    51 | D        | Noticed Jessica
    60 | D        | Killed Jessica
    60 | D        | Reached skill level 1 in Fighting
    60 | D        | Reached skill level 5 in Fire Magic
    60 | D        | Reached XP level 2. HP: 13/15 MP: 0/7
    61 | D        | Reached XP level 3. HP: 16/19 MP: 0/9
   218 | D        | Reached skill level 6 in Fire Magic
   273 | D        | Noticed a scorpion
   281 | D        | Killed a scorpion
   281 | D        | Reached XP level 4. HP: 24/24 MP: 3/13
   287 | D        | Learned a level 4 spell: Sticky Flame
   365 | D        | Gained mutation: You have a pair of small horns on your head. [potion of mutation]
   365 | D        | Gained mutation: You have sharp toenails. [potion of mutation]
   365 | D        | Gained mutation: Your body is slowly deteriorating. [potion of mutation]
   394 | D        | Noticed a water elemental
   397 | D        | Killed a water elemental
   397 | D        | Reached skill level 8 in Fire Magic
   422 | D        | Found a glowing silver altar of Zin.
   423 | D        | Found a white marble altar of Elyvilon.
   423 | D        | Found a glowing golden altar of the Shining One.
   423 | D        | Noticed a deep elf priest
   425 | D        | Slain by a deep elf priest

Action                   |  1- 3 |  4- 6 || total
-------------------------+-------+-------++-------
Melee: Unarmed           |     3 |       ||     3
 Cast: Flame Tongue      |    17 |     3 ||    20
Evoke: Wand              |     2 |       ||     2
  Use: Potion            |     1 |     4 ||     5
